 Dungeon Crawl Stone Soup version 0.28-a0-1555-g9ae15a6949 (webtiles) character file.

Game seed: 11177846255317303658

70039 sbbq2022 the Destroyer (level 14, -2/106 HPs)
             Began as a Demonspawn Conjurer on Jan 19, 2022.
             Was a High Priest of Sif Muna.
             Succumbed to Nessos's poison
             ... on level 2 of the Orcish Mines.
             The game lasted 01:05:37 (23553 turns).

sbbq2022 the Destroyer (Demonspawn Conjurer)       Turns: 23553, Time: 01:05:38

Health: -2/106     AC: 16    Str:  9    XL:     14   Next: 92%
Magic:  27/27      EV: 18    Int: 24    God:    Sif Muna [*****.]
Gold:   1511       SH:  0    Dex: 11    Spells: 16/31 levels left

rFire   . . .      SeeInvis .   t - +7 falchion (elec)
rCold   . . .      Faith    .   (no shield)
rNeg    + . .      Spirit   .   K - +3 troll leather armour
rPois   .          Reflect  .   S - +0 helmet
rElec   .          Harm     .   (no cloak)
rCorr   .          Rampage  +   T - +0 pair of gloves
Will    ++...                   L - +2 pair of boots of the Monkey's Uncle {Rampage rN+}
Stlth   +.........              N - amulet of regeneration
HPRegen 1.87/turn               z - ring of willpower
MPRegen 0.40/turn               k - +4 ring of evasion

@: lethally poisoned (-2 -> -45)
A: icy blue scales 1, icemail 1, magic regeneration, condensation shield,
demonic touch 2
a: Renounce Religion, Channel Magic, Forget Spell, Divine Exegesis


You were on level 2 of the Orcish Mines.
You worshipped Sif Muna.
Sif Muna was extremely pleased with you.
You visited 4 branches of the dungeon, and saw 21 of its levels.

You collected 1811 gold pieces.
You spent 300 gold pieces at shops.

Inventory:

Hand Weapons
 h - a +0 spectral dagger
 t - a +7 falchion of electrocution (weapon)
Missiles
 g - a throwing net
Armour
 J - a +2 kite shield of protection
 K - a +3 troll leather armour (worn)
 L - the +2 pair of boots of the Monkey's Uncle (worn) {Rampage rN+}
   (You found it on level 1 of the Lair of Beasts)

   rN:        It protects you from negative energy.
   Rampage:   It bestows one free step when moving towards enemies.
 S - a +0 helmet (worn)
 T - a +0 pair of gloves (worn)
Magical Staves
 W - a staff of cold
Jewellery
 d - a ring of positive energy
 k - a +4 ring of evasion (right hand)
 z - a ring of willpower (left hand)
 N - an amulet of regeneration (around neck)
 O - a +4 ring of evasion
 U - a +6 ring of dexterity
 V - an amulet of guardian spirit
Wands
 i - a wand of iceblast (24)
 y - a wand of digging (6)
 B - a wand of flame (66)
 D - a wand of paralysis (7)
 E - a wand of mindburst (4)
 H - a wand of charming (6)
Scrolls
 b - 2 scrolls of noise
 c - 5 scrolls of silence
 m - a scroll of identify
 n - 4 scrolls of magic mapping
 u - 3 scrolls of fog
 w - 4 scrolls of amnesia
 C - 2 scrolls of teleportation
 F - a scroll of torment
 G - a scroll of blinking
 M - a scroll of enchant weapon
 P - 3 scrolls of fear
Potions
 a - 2 potions of curing
 e - 9 potions of brilliance
 f - 2 potions of magic
 j - 3 potions of invisibility
 l - 4 potions of flight
 o - 7 potions of haste
 p - 2 potions of resistance
 q - 8 potions of mutation
 r - 9 potions of ambrosia
 s - 6 potions of heal wounds
 v - 2 potions of cancellation
 x - 4 potions of lignification
 Q - a potion of attraction
Miscellaneous
 I - a phial of floods


   Skills:
 + Level 8.4 Fighting
 + Level 7.5 Armour
 + Level 7.9 Dodging
 - Level 1.7 Stealth
 - Level 4.5 Shields
 + Level 9.0 Spellcasting
 - Level 13.8 Conjurations
 - Level 10.4 Summonings
 * Level 8.3 Ice Magic
 - Level 9.3 Invocations


You had 16 spell levels left.
You knew the following spells:

 Your Spells              Type           Power      Damage    Failure   Level
a - Magic Dart            Conj           100%       1d8       1%          1
b - Frozen Ramparts       Ice            100%       1d12      1%          3
c - Summon Mana Viper     Hex/Summ       35%        N/A       26%         5
d - Blink                 Tloc           20%        N/A       12%         2
e - Hailstorm             Conj/Ice       59%        3d13      1%          4

Your spell library contained the following spells:

 Spells                   Type           Power      Damage    Failure   Level
 Foxfire                  Conj/Fire      100%       2x1d9     1%          1
 Freeze                   Ice            100%       1d11      1%          1
 Shock                    Conj/Air       100%       1d9       1%          1
 Summon Small Mammal      Summ           100%       N/A       1%          1
 Call Imp                 Summ           57%        N/A       1%          2
 Ensorcelled Hibernation  Hex/Ice        60%        N/A       1%          2
 Searing Ray              Conj           100%       2d8       1%          2
 Static Discharge         Conj/Air       43%        N/A       1%          2
 Call Canine Familiar     Summ           57%        N/A       1%          3
 Conjure Flame            Conj/Fire      43%        6-21      1%          3
 Dazzling Flash           Conj/Hex       86%        N/A       1%          3
 Stone Arrow              Conj/Erth      86%        3d12      1%          3
 Summon Ice Beast         Ice/Summ       54%        N/A       1%          4
 Flame Wave               Conj/Fire      43%        2d8       4%          4
 Fulminant Prism          Conj/Hex       21%        3d13      4%          4
 Iskenderun's Mystic Bla  Conj/Tloc      43%        2d10      4%          4
 Sticky Flame             Conj/Fire      43%        2d6       4%          4
 Slow                     Hex            40%        N/A       8%          1
 Summon Lightning Spire   Summ/Air       35%        N/A       9%          4
 Corpse Rot               Necr/Air       20%        N/A       12%         2
 Passwall                 Tmut/Erth      8%         N/A       12%         2
 Poisonous Vapours        Pois/Air       20%        N/A       12%         2
 Scorch                   Fire           20%        2d6       12%         2
 Fireball                 Conj/Fire      21%        3d10      13%         5
 Lightning Bolt           Conj/Air       21%        1d36      13%         5
 Ice Form                 Ice/Tmut       30%        N/A       14%         4
 Summon Cactus Giant      Summ           28%        N/A       16%         6
 Confusing Touch          Hex            10%        N/A       22%         3
 Inner Flame              Hex/Fire       10%        N/A       22%         3
 Portal Projectile        Hex/Tloc       20%        N/A       22%         3
 Swiftness                Air            10%        N/A       22%         3
 Tukima's Dance           Hex            10%        N/A       22%         3
 Vampiric Draining        Necr           10%        2d6       22%         3
 Summon Forest            Summ/Tloc      17%        N/A       26%         5
 Metabolic Englaciation   Hex/Ice        15%        N/A       36%         5
 Airstrike                Air            5%         N/A       58%         4
 Anguish                  Hex/Necr       5%         N/A       58%         4
 Dispel Undead            Necr           10%        3d9       58%         4
 Monstrous Menagerie      Summ           28%        N/A       65%         7
 Manifold Assault         Tloc           10%        N/A       91%         5
 Yara's Violent Unravell  Hex/Tmut       5%         3d4       91%         5
 Simulacrum               Ice/Necr       15%        N/A       91%         6
 Death Channel            Necr           5%         N/A       100%        6
 Enfeeble                 Hex            5%         N/A       100%        7
 Haunt                    Necr/Summ      17%        N/A       100%        7
 Storm Form               Tmut/Air       5%         N/A       100%        7
 Dragon's Call            Summ           28%        N/A       100%        9
 Fire Storm               Conj/Fire      21%        8d6       100%        9


Dungeon Overview and Level Annotations

Branches:
Dungeon (12/15)            Temple (1/1) D:6            Lair (6/6) D:9
  Swamp (0/4) Lair:4       Spider (0/4) Lair:2          Orc (2/2) D:11
    Elf (0/3) Orc:2
  Slime: Lair:5-6

Altars:
Ashenzari
Cheibriados
Dithmenos
Elyvilon
Fedhas
Gozag
Hepliaklqana
Kikubaaqudgha
Makhleb
Nemelex Xobeh
Okawaru
Qazlal
Ru
Sif Muna
Trog
Uskayaw
Vehumet
Wu Jian
Xom
Yredelemnul
Zin
The Shining One
Beogh

Shops:
D:3 (   Orc:1 *   Orc:2 !

Annotations:
D:7 1 runed translucent door
D:8 3 runed translucent doors, murtidash's ghost, novice FeSu
Lair:4 1 runed translucent door, Cancer's ghost, journeyman GrEE
Lair:6 exclusion: oklob plant
Orc:2 Nessos


Innate Abilities, Weirdness & Mutations

You are partially covered in icy blue scales. (AC +2)
A meltable icy envelope protects you from harm. (AC +0)
You regenerate magic rapidly.
A meltable shield of frost defends you. (SH +0)
Your touch may inflict irresistible damage on your foes.


Message History

Your icy defenses dissipate!
The arrow burns you.
You are poisoned.
Things that are here:
a +0 ring mail; a +0 dagger You feel very sick.
Nessos shoots an arrow.
The arrow hits you! The arrow burns you.
You are more poisoned.
Nessos shoots an arrow.
The arrow hits you! The arrow burns you.
You are more poisoned.
You feel extremely sick. The sixfirhy hits you!
* * * LOW HITPOINT WARNING * * *
The sixfirhy shocks you!
* * * LOW HITPOINT WARNING * * *
Nessos gestures wildly while chanting.
Nessos blinks!
The orc high priest says, "All sinners must die."
The orc high priest mumbles some strange prayers to Beogh.
Things that are here:
a +0 hand axe; a +0 mace You feel much better.
You feel extremely sick.
Nessos shoots an arrow.
The arrow hits you. The arrow burns you.
You are more poisoned.
Nessos shoots an arrow.
The arrow hits you.
* * * LOW HITPOINT WARNING * * *
The arrow burns you.
You are more poisoned.
* * * LOW HITPOINT WARNING * * *
Nessos shoots an arrow.
The arrow hits you!
* * * LOW HITPOINT WARNING * * *
The arrow burns you.
* * * LOW HITPOINT WARNING * * *
The ynoxinul gestures.
Okay, then.
Blink to where?
Press: ? - help, Dir - move target
As you read the scroll of blinking, it crumbles to dust.
You die...

###3[......#...#.#
#.§.##+#......###
##..###.#.....##
#..)###.###....### ##
##..'..∩..'......# .##
##...###.###..#.... ..# #.#..#
#.# #...##.. ..##
##..#####'###..####. ..<##
##..@.#.#...#....##)) ....#
###........#..##....... ..)[###
##..........#...##......
......####..............##......#
......#.##..............##......#
.....##..[[......................
#......)[......##................
##..............#................
##...........####.........._....


There were no monsters in sight!

Vanquished Creatures
  Snorg (Lair:3)
  A boulder beetle (D:12)
  6 hydras
  An anaconda (Lair:6)
  6 two-headed ogres
  3 catoblepae
  A deep troll shaman (Lair:6)
  13 death yaks
  An orc high priest (Orc:2)
  Sonja (Lair:2)
  Urug (Lair:3)
  4 orc knights (Orc:2)
  A lindwurm (Lair:6)
  2 orc sorcerers (Orc:2)
  An ugly thing (D:12)
  A slime creature (D:12)
  A cyclops (D:12)
  11 elephants
  5 black mambas
  10 cane toads
  Psyche (D:12)
  2 gargoyles
  A rime drake (Lair:6)
  14 komodo dragons
  4 kobold demonologists (D:11)
  A tyrant leech (Lair:4)
  2 polar bears
  A queen bee (D:10)
  4 trolls
  A hornet (D:9)
  A tarantella (shapeshifter) (D:10)
  Grinder (D:4)
  33 blink frogs
  A dream sheep (Lair:6)
  2 jumping spiders (Lair:2)
  A shadow (D:6)
  A water elemental (D:11)
  2 wyverns
  47 yaks
  2 wraiths
  Eustachio (D:4)
  A redback (Lair:2)
  A steam dragon (D:7)
  5 basilisks
  4 swamp worms (Lair:4)
  16 water moccasins
  2 acid dragons
  4 hell hounds (D:12)
  23 orc warriors
  A sky beast (D:4)
  4 black bears
  2 necrophages
  8 ogres
  2 centaurs
  15 wolves
  6 kobold brigands
  18 bullfrogs
  A wyvern zombie (D:7)
  7 gnoll sergeants
  2 scorpions (D:5)
  35 killer bees
  2 electric eels
  3 centaur zombies
  2 hounds
  2 centaur skeletons
  A bullfrog skeleton (D:7)
  21 orc priests
  18 iguanas
  Natasha (twice) (D:4)
  17 orc wizards
  4 hell rats (Lair:6)
  3 killer bee zombies
  2 howler monkey zombies
  15 gnolls
  2 howler monkey skeletons
  8 adders
  2 shadow imps
  2 white imps
  A dart slug (D:7)
  66 orcs
  12 ball pythons
  5 bats
  10 endoplasms
  4 giant cockroaches
  7 goblins
  6 hobgoblins
  A quokka (D:2)
  19 frilled lizards
  20 kobolds
  A quokka skeleton (D:4)
  5 rats
614 creatures vanquished.

Vanquished Creatures (collateral kills)
  A death yak (Lair:5)
  2 nameless horrors
3 creatures vanquished.

Vanquished Creatures (others)
  An orc (Orc:2)
  33 fungi
  59 plants
93 creatures vanquished.

Grand Total: 710 creatures vanquished

Notes
Turn   | Place    | Note
-------+----------+-------------------------------------------
     0 | D:1      | sbbq2022 the Demonspawn Conjurer began the quest for the
                  | Orb.
     0 | D:1      | Reached XP level 1. HP: 13/13 MP: 3/3
   328 | D:1      | Gained mutation: A meltable shield of frost defends you.
                  | (SH +0) [demonic ancestry]
   328 | D:1      | Reached XP level 2. HP: 19/19 MP: 1/5
   837 | D:1      | Found a faded altar of an unknown god.
   995 | D:1      | You fall into a shaft and drop 1 floor!
  1373 | D:2      | Gained mutation: A meltable icy envelope protects you from
                  | harm. (AC +0) [demonic ancestry]
  1373 | D:2      | Reached XP level 3. HP: 16/24 MP: 1/6
  1499 | D:2      | Learned a level 3 spell: Frozen Ramparts
  1889 | D:2      | Reached skill level 5 in Conjurations
  1889 | D:2      | Reached skill level 1 in Ice Magic
  1939 | D:2      | Reached XP level 4. HP: 21/30 MP: 1/8
  2888 | D:3      | Gained mutation: You regenerate magic rapidly. [demonic
                  | ancestry]
  2888 | D:3      | Reached XP level 5. HP: 32/35 MP: 0/9
  2975 | D:3      | Got Buil Jitzo's Collected Works on Enchanting Companions
  3034 | D:3      | Found Keittuzi's Antique Weapon Shoppe.
  3894 | D:4      | Noticed Natasha
  3914 | D:4      | Killed Natasha
  4230 | D:4      | Noticed Grinder
  4244 | D:4      | Killed Grinder
  4245 | D:4      | Reached skill level 6 in Conjurations
  4245 | D:4      | Gained mutation: Your touch may inflict minor irresistible
                  | damage on your foes. [demonic ancestry]
  4245 | D:4      | Reached XP level 6. HP: 34/41 MP: 1/11
  4303 | D:4      | Noticed Eustachio
  4403 | D:4      | Killed Eustachio
  4404 | D:4      | Reached XP level 7. HP: 27/46 MP: 7/12
  4841 | D:4      | Noticed Natasha
  4848 | D:4      | Killed Natasha
  4877 | D:5      | Entered Level 5 of the Dungeon
  4998 | D:5      | Found an ornate altar of the Wu Jian Council.
  5014 | D:5      | Reached skill level 7 in Conjurations
  5127 | D:5      | Reached XP level 8. HP: 45/52 MP: 10/14
  5277 | D:5      | Reached skill level 5 in Ice Magic
  5595 | D:5      | Reached skill level 1 in Fighting
  5711 | D:5      | Reached skill level 1 in Armour
  6104 | D:6      | Reached skill level 8 in Conjurations
  6737 | D:6      | Gained mutation: Your touch may inflict irresistible damage
                  | on your foes. [demonic ancestry]
  6737 | D:6      | Reached XP level 9. HP: 47/61 MP: 12/16
  6862 | D:6      | Learned a level 5 spell: Summon Mana Viper
  6955 | D:6      | Found a staircase to the Ecumenical Temple.
  7078 | D:6      | Identified the +1 quarterstaff "Jaiteynt" {distort, rElec}
  7093 | D:7      | Found a runed translucent door.
  7145 | D:7      | Found a bloodstained altar of Trog.
  7298 | D:7      | Found a snail-covered altar of Cheibriados.
  7311 | D:7      | Reached skill level 5 in Spellcasting
  7361 | D:7      | Found a burning altar of Makhleb.
  7361 | D:7      | Noticed a sixfirhy
  7402 | Temple   | Entered the Ecumenical Temple
  7556 | Temple   | Became a worshipper of Sif Muna the Loreminder
  7626 | D:7      | Reached skill level 1 in Summonings
  7887 | D:7      | Found a hide-covered altar of Uskayaw.
  8207 | D:8      | Learned a level 2 spell: Blink
  8215 | D:8      | Reached skill level 1 in Invocations
  8225 | D:8      | Noticed a gargoyle
  8247 | D:8      | Killed a gargoyle
  8328 | D:8      | Found a runed translucent gate.
  8328 | D:8      | Found a runed translucent gate.
  8328 | D:8      | Found a runed translucent gate.
  8388 | D:8      | Noticed murtidash's ghost (novice FeSu)
  8663 | D:8      | Reached skill level 9 in Conjurations
  8939 | D:9      | Noticed a two-headed ogre
  8973 | D:9      | Noticed a gargoyle
  8980 | D:9      | Killed a gargoyle
  8980 | D:9      | Reached * piety under Sif Muna
  9247 | D:9      | Reached XP level 10. HP: 51/70 MP: 15/18
  9407 | D:9      | Found a staircase to the Lair.
  9409 | D:9      | Noticed a two-headed ogre
  9424 | D:9      | Killed a two-headed ogre
 10010 | D:9      | Noticed a two-headed ogre
 10016 | D:9      | Killed a two-headed ogre
 10372 | D:9      | Killed a two-headed ogre
 10373 | D:9      | Reached skill level 5 in Summonings
 10481 | D:9      | Reached skill level 10 in Conjurations
 10697 | D:10     | Entered Level 10 of the Dungeon
 10768 | D:10     | Found a shadowy altar of Dithmenos.
 10903 | D:10     | Got the Handbook of Enchantment
 11199 | D:10     | Noticed a two-headed ogre
 11208 | D:10     | Killed a two-headed ogre
 11209 | D:10     | Reached XP level 11. HP: 66/78 MP: 13/20
 11212 | D:10     | Identified the +1 robe "Nieb" {Str+3}
 11229 | D:10     | Noticed a two-headed ogre
 11243 | D:10     | Killed a two-headed ogre
 11244 | D:10     | Reached skill level 5 in Invocations
 11433 | D:10     | Reached ** piety under Sif Muna
 11883 | D:11     | Reached skill level 5 in Dodging
 11962 | D:11     | Reached skill level 5 in Fighting
 12155 | D:11     | Found a staircase to the Orcish Mines.
 12183 | D:11     | Reached *** piety under Sif Muna
 12500 | D:11     | Noticed a sun demon
 12506 | D:11     | Noticed a sixfirhy
 13145 | D:12     | Noticed Psyche
 13153 | D:12     | Killed Psyche
 13154 | D:12     | Reached skill level 11 in Conjurations
 13181 | D:12     | Noticed a boulder beetle
 13334 | D:12     | Reached skill level 5 in Armour
 13429 | D:12     | Killed a boulder beetle
 13482 | D:12     | Noticed a green ugly thing
 13484 | D:12     | Noticed a two-headed ogre
 13495 | D:12     | Killed a two-headed ogre
 13496 | D:12     | Reached skill level 1 in Shields
 13502 | D:12     | Killed a green ugly thing
 13503 | D:12     | Reached XP level 12. HP: 56/87 MP: 18/22
 14120 | D:12     | Reached **** piety under Sif Muna
 14226 | Lair:1   | Entered Level 1 of the Lair of Beasts
 14609 | Lair:1   | Identified the +6 shortbow of the Wraith {flame, rElec
                  | Int+4}
 15012 | Lair:2   | Reached ***** piety under Sif Muna
 15092 | Lair:2   | Noticed Sonja
 15101 | Lair:2   | Killed Sonja
 15218 | Lair:2   | Reached skill level 12 in Conjurations
 15361 | Lair:2   | Reached XP level 13. HP: 62/95 MP: 21/24
 15587 | Lair:2   | Found a hole to the Spider Nest.
 15680 | Lair:2   | Received a gift from Sif Muna
 15681 | Lair:2   | Got Sif Muna's Tome of Floating Calling {god gift}
 16474 | Lair:3   | Learned a level 4 spell: Hailstorm
 16510 | Lair:3   | Found a bloodstained altar of Trog.
 16832 | Lair:3   | Noticed Snorg
 16840 | Lair:3   | Killed Snorg
 17321 | Lair:3   | Noticed Urug
 17347 | Lair:3   | Killed Urug
 17805 | Lair:4   | Found a runed translucent door.
 18090 | Lair:4   | Found a staircase to the Swamp.
 18448 | Lair:4   | Noticed Cancer's ghost (journeyman GrEE)
 18734 | Lair:5   | Received a gift from Sif Muna
 18735 | Lair:5   | Got Seexics's Reference Book on the Entourage {god gift}
 19257 | Lair:5   | Gained mutation: You are partially covered in icy blue
                  | scales. (AC +2) [demonic ancestry]
 19257 | Lair:5   | Reached XP level 14. HP: 103/103 MP: 18/26
 19819 | Lair:5   | Reached skill level 13 in Conjurations
 20313 | Lair:6   | Entered Level 6 of the Lair of Beasts
 20335 | Lair:6   | Reached skill level 10 in Summonings
 21481 | Lair:6   | Received a gift from Sif Muna
 21994 | Orc:1    | Entered Level 1 of the Orcish Mines
 22026 | Orc:1    | Found Hanaqari's Humungous Hoard.
 22043 | Orc:1    | Bought a potion of heal wounds for 75 gold pieces
 22043 | Orc:1    | Bought a potion of haste for 150 gold pieces
 22249 | Orc:2    | Entered Level 2 of the Orcish Mines
 22265 | Orc:2    | Found a staircase to the Elven Halls.
 22424 | Orc:2    | Received a gift from Sif Muna
 22425 | Orc:2    | Got Sif Muna's Tome of Fetching Conjuration {god gift}
 22713 | Orc:2    | Found Norodd's Distillery.
 22718 | Orc:2    | Bought a potion of heal wounds for 75 gold pieces
 22932 | Orc:2    | Noticed Nessos
 23316 | Lair:1   | Identified the +2 pair of boots of the Monkey's Uncle
                  | {Rampage rN+}
 23553 | Orc:2    | Succumbed to Nessos's poison

Illustrated notes

Levels and vault maps discovered:
D:1:      dpeg_arrival_round_b, layout_basic, shapermc_ecumenical_altar_venn
D:2:      layout_basic
D:3:      layout_basic, serial_shops, nicolae_shop_advertising_works
          [nicolae_subvault_shop_adworks], serial_park_tiny_1
D:4:      layout_basic, uniq_eustachio, uniq_grinder, uniq_natasha
D:5:      layout_basic, nicolae_wu_jian_wuxing_cycle
D:6:      layout_cave_pools, temple_green, kennysheep_generic_room_9
D:7:      layout_basic, mainiacjoe_overflow_brackets, kennysheep_slug_shrine,
          nzn_makhleb_speed_demon, mainiacjoe_overflow_paths
D:8:      layout_rooms, gammafunk_ghost_icy
D:9:      kennysheep_ambush_hall, layout_gridville, due_lair_maze_entry_diamond,
          roderic_roman_lattice
D:10:     layout_basic, nicolae_dithmenos_through_a_glass_darkly, special_room
          [special_room_bee]
D:11:     layout_cave_pods, kennysheep_orc_monster_closet_entryway, minivault_4
D:12:     mludivico_vault, layout_basic, uniq_psyche
Temple:   nicolae_temple_elliptical
Lair:1:   lemuel_reptile_caves, layout_hall_layers,
          chequers_serial_rivers_micro_b, cheibrodos_lair_caveside_slide,
          grunt_megastairs_4
Lair:2:   layout_long_grid, spider_nest_entry_funnel_web, grunt_megastairs_2,
          uniq_sonja
Lair:3:   layout_cave_pods, basic_altar, infiniplex_staircase_pool_2,
          uniq_snorg, uniq_urug
Lair:4:   layout_big_grid, minmay_swamp_entry_worms,
          ebering_ghost_reflecting_pool
Lair:5:   layout_gridlike, st_stairs_4
Lair:6:   grunt_lair_end_beastmaster, layout_gridlike,
          minmay_slime_entry_oklob_enclosed, hangedman_lair_generics_rect
Orc:1:    layout_caves, nicolae_alphabet_shops, statue_in_the_mist_lemuel
Orc:2:    st_orc_pillars, layout_diamond_mine, serial_shops,
          nicolae_shop_hallway_plus, basic_altar, mines2_david, uniq_nessos

Skill      XL: |  1  2  3  4  5  6  7  8  9 10 11 12 13 14 |
---------------+-------------------------------------------+-----
Conjurations   | 5 6 7 8 9 10 11 12 13 | 13.8
Ice Magic      | 1 3 4 5 6 8 |  8.3
Spellcasting   | 3 4 5 6 7 8 9 |  9.0
Dodging        | 2 3 4 5 6 7 |  7.9
Fighting       | 2 3 4 5 6 7 8 |  8.4
Armour         | 1 3 4 5 6 7 |  7.5
Summonings     | 3 5 7 8 9 10 | 10.4
Invocations    | 3 4 6 7 9 |  9.3
Shields        | 1 3 4 |  4.5
Stealth        | |  1.7

Action                   |  1- 3 |  4- 6 |  7- 9 | 10-12 | 13-15 || total
-------------------------+-------+-------+-------+-------+-------++-------
Melee: Unarmed           |    26 |       |       |       |       ||    26
       Dagger            |    31 |    64 |       |       |       ||    95
       Touch             |       |     2 |    41 |    73 |   120 ||   236
       Falchion          |       |       |   208 |   411 |   580 ||  1199
       Punch             |       |       |     8 |    11 |    14 ||    33
 Cast: Magic Dart        |    52 |    75 |    45 |    69 |    85 ||   326
       Frozen Ramparts   |     4 |     4 |    19 |    74 |    94 ||   195
       Blink             |       |       |       |     1 |       ||     1
       Hailstorm         |       |       |       |       |    11 ||    11
       Summon Mana Viper |       |       |       |       |     7 ||     7
Evoke: Wand              |       |       |     7 |    12 |     9 ||    28
  Use: Scroll            |       |       |       |    23 |    14 ||    37
       Potion            |       |       |       |       |     4 ||     4
 Stab: Sleeping          |     1 |       |     3 |       |     1 ||     5
       Paralysed         |       |       |       |    10 |     4 ||    14
       Distracted        |       |       |       |       |     1 ||     1
       Petrified         |       |       |       |       |     3 ||     3
Armor: Robe              |    28 |    44 |    75 |    11 |       ||   158
       Troll leather arm |       |       |       |   139 |   310 ||   449
Dodge: Dodged            |    50 |    85 |   179 |   437 |   663 ||  1414
Block: Other             |    13 |    21 |    46 |    88 |   149 ||   317

Table legend: (Time is in decaauts)
 A = Elapsed time spent in this place.
 B = Non-inter-level travel time spent in this place.
 C = Inter-level travel time spent in this place.
 D = Time resting spent in this place.
 E = Time spent auto-exploring this place.
 F = Levels seen in this place.
 G = Mean time per level.
                   A        B        C        D        E       F      G
               +--------+--------+--------+--------+--------+-----+--------+
         Total |  24008 |  21915 |   2093 |   2821 |  13720 |  21 | 1143.2 |
       Dungeon |  14654 |  13553 |   1101 |   2140 |   8620 |  12 | 1221.2 |
        Temple |    164 |    142 |     22 |      0 |    126 |   1 |  164.0 |
          Lair |   7964 |   7072 |    892 |    579 |   4374 |   6 | 1327.3 |
  Orcish Mines |   1225 |   1148 |     77 |    102 |    600 |   2 |  612.5 |
               +--------+--------+--------+--------+--------+-----+--------+

Top non-repeatable levels by time:
     D:9: 2023 daAuts
  Lair:6: 1553 daAuts
  Lair:2: 1476 daAuts
     D:1: 1440 daAuts
     D:2: 1438 daAuts
    D:11: 1431 daAuts
  Lair:3: 1371 daAuts
  Lair:1: 1223 daAuts
     D:4: 1209 daAuts
  Lair:4: 1200 daAuts
     D:5: 1151 daAuts
  Lair:5: 1138 daAuts
     D:8: 1124 daAuts
     D:6: 1108 daAuts
    D:12: 1104 daAuts
